 Dungeon Crawl Stone Soup version 0.24.1 (webtiles) character file.

Game seed: 1432846055521542913, levelgen mode: deterministic

147 Destapler the Ducker (level 5, -1/47 HPs)
             Began as a Gnoll Monk on Mar 30, 2020.
             Slain by Grinder (9 damage)
             ... while paralysed by Grinder
             ... on level 3 of the Dungeon.
             The game lasted 00:10:59 (1998 turns).

Destapler the Ducker (Gnoll Monk)                   Turns: 1998, Time: 00:11:00

Health: -1/47      AC:  7    Str: 20    XL:     5   Next: 29%
Magic:  7/7        EV:  2    Int: 12    God:
Gold:   170        SH:  0    Dex: 17    Spells: 6/6 levels left

rFire    . . .     SeeInvis .   b - +2 dagger (pain)
rCold    . . .     Gourm    .   d - +0 buckler (curse)
rNeg     . . .     Faith    .   v - +0 ring mail
rPois    .         Spirit   .   r - +0 helmet
rElec    .         Reflect  .   (no cloak)
rCorr    .         Harm     .   (no gloves)
MR       .....                  u - +0 pair of boots
Stlth    ++........             (no amulet)
HPRegen  0.15/turn              (no ring)
MPRegen  0.10/turn              (no ring)

@: paralysed, mighty
A: distributed training, fangs 1, strong nose
a: no special abilities


You were on level 3 of the Dungeon.
You were not hungry.

You visited 1 branch of the dungeon, and saw 3 of its levels.

You collected 170 gold pieces.

Inventory:

Hand Weapons
 a - a +0 mace
 b - a +2 dagger of pain (weapon)
Armour
 d - a cursed +0 buckler (worn)
 r - a +0 helmet (worn)
 s - a +0 robe
 u - a +0 pair of boots (worn)
 v - a +0 ring mail (worn)
Scrolls
 e - 2 scrolls of fog {unknown}
 h - 4 scrolls of noise
 i - a scroll of fear
 j - a scroll of magic mapping {unknown}
 k - a scroll of teleportation {unknown}
 m - 2 scrolls of amnesia {unknown}
 o - 2 scrolls of identify
 q - a scroll of remove curse {unknown}
Potions
 g - a potion of cancellation
 l - a potion of ambrosia {unknown}
 n - 2 potions of agility
 p - a potion of degeneration {unknown}
 t - a potion of might
 w - a potion of heal wounds {unknown}
 z - a potion of lignification {unknown}
Comestibles
 c - 3 rations
 x - 16 chunks of flesh


   Skills:
 + Level 6.6 Fighting
 + Level 1.4 Short Blades
 + Level 1.4 Long Blades
 + Level 1.4 Axes
 + Level 6.6 Maces & Flails
 + Level 1.4 Polearms
 + Level 1.4 Staves
 + Level 1.4 Slings
 + Level 1.4 Bows
 + Level 1.4 Crossbows
 + Level 1.4 Throwing
 + Level 1.4 Armour
 + Level 6.6 Dodging
 + Level 4.3 Stealth
 + Level 1.4 Shields
 + Level 1.4 Unarmed Combat
 + Level 1.4 Spellcasting
 + Level 1.1 Conjurations
 + Level 1.1 Hexes
 + Level 1.1 Charms
 + Level 1.1 Summonings
 + Level 1.1 Necromancy
 + Level 1.1 Translocations
 + Level 1.1 Transmutations
 + Level 1.1 Fire Magic
 + Level 1.1 Ice Magic
 + Level 1.1 Air Magic
 + Level 1.1 Earth Magic
 + Level 1.1 Poison Magic
 + Level 1.5 Invocations
 + Level 1.4 Evocations


You had 6 spell levels left.
You didn't know any spells.
Your spell library was empty.

Dungeon Overview and Level Annotations

Branches:
Dungeon (3/15)

Altars:
Beogh

Annotations:
D:3 3 runed translucent doors, Grinder; spacerossing's ghost, amateur HaFi


Innate Abilities, Weirdness & Mutations

Your experience applies equally to all skills.
You have very sharp teeth.
Your uncanny sense of smell can sniff out nearby items.


Message History

You see here 11 gold pieces.
You now have 170 gold pieces (gained 11).
It was a potion of cancellation.
You feel magically purged.
It was a potion of might.
You feel very mighty all of a sudden. Grinder gestures at you.
You barely resist.
You see here 2 stones.
You see here 2 stones.
Grinder gestures at you.
You suddenly lose the ability to move!
Grinder blinks!
Grinder hits you.
* * * LOW HITPOINT WARNING * * *
You writhe in agony.
* * * LOW HITPOINT WARNING * * *
Grinder gestures at you.
You barely resist. Grinder hits you!
You die...

##########...#
#≈≈...#.(..........#
#≈≈...#.(..........#
#≈≈..##'##.....## ##
#≈≈..#...#.....#
...#≈≈..#.()#.....#
#.(≈≈..#...#.....#
#≈≈..##5##.....#
#≈≈...(@.#.....#
#≈≈≈..(..#.((..# #.#
##≈≈≈≈≈≈≈#..(..# ≈≈ #.#
##≈≈≈≈≈≈##'''##≈≈≈ #.#
#....≈≈≈≈...≈≈≈≈# #.#
#######.##...≈≈...≈≈###
#.#
#......(..((.((...###
#.# #.###.(.8(..(######
#.# #.# #..8(8.(.#


You could see Grinder.

Vanquished Creatures
  Robin (D:3)
  4 gnolls (D:3)
  An ooze (D:1)
  2 worms (D:2)
  A dart slug (D:1)
  4 leopard geckos (D:2)
  An orc (D:3)
  3 ball pythons
  9 bats
  A giant cockroach (D:2)
  22 goblins
  7 hobgoblins
  2 jackals (D:3)
  7 kobolds
  3 frilled lizards
  7 rats
75 creatures vanquished.

Notes
Turn   | Place    | Note
-------+----------+-------------------------------------------
     0 | D:1      | Destapler the Gnoll Monk began the quest for the Orb.
     0 | D:1      | Reached XP level 1. HP: 23/23 MP: 1/1
    55 | D:1      | Reached XP level 2. HP: 27/29 MP: 2/2
   272 | D:1      | Reached XP level 3. HP: 28/35 MP: 3/3
   568 | D:2      | Reached skill level 1 in Invocations
   907 | D:2      | Reached skill level 1 in Short Blades
   907 | D:2      | Reached skill level 1 in Long Blades
   907 | D:2      | Reached skill level 1 in Axes
   907 | D:2      | Reached skill level 1 in Polearms
   907 | D:2      | Reached skill level 1 in Staves
   907 | D:2      | Reached skill level 1 in Slings
   907 | D:2      | Reached skill level 1 in Bows
   907 | D:2      | Reached skill level 1 in Crossbows
   907 | D:2      | Reached skill level 1 in Throwing
   907 | D:2      | Reached skill level 1 in Armour
   907 | D:2      | Reached skill level 1 in Shields
   907 | D:2      | Reached skill level 1 in Unarmed Combat
   907 | D:2      | Reached skill level 1 in Spellcasting
   907 | D:2      | Reached skill level 1 in Evocations
  1051 | D:2      | Reached XP level 4. HP: 41/41 MP: 5/5
  1324 | D:3      | Reached skill level 1 in Conjurations
  1324 | D:3      | Reached skill level 1 in Hexes
  1324 | D:3      | Reached skill level 1 in Charms
  1324 | D:3      | Reached skill level 1 in Summonings
  1324 | D:3      | Reached skill level 1 in Necromancy
  1324 | D:3      | Reached skill level 1 in Translocations
  1324 | D:3      | Reached skill level 1 in Transmutations
  1324 | D:3      | Reached skill level 1 in Fire Magic
  1324 | D:3      | Reached skill level 1 in Ice Magic
  1324 | D:3      | Reached skill level 1 in Air Magic
  1324 | D:3      | Reached skill level 1 in Earth Magic
  1324 | D:3      | Reached skill level 1 in Poison Magic
  1643 | D:3      | Found a runed translucent gate.
  1643 | D:3      | Noticed spacerossing's ghost (amateur HaFi)
  1644 | D:3      | Found a runed translucent gate.
  1644 | D:3      | Found a runed translucent gate.
  1644 | D:3      | Identified the +5 ring mail of the Suburbs {+Blink}
  1647 | D:3      | Found a roughly hewn altar of Beogh.
  1707 | D:3      | Found a faded altar of an unknown god.
  1741 | D:3      | Noticed Robin
  1775 | D:3      | Reached XP level 5. HP: 42/47 MP: 6/6
  1812 | D:3      | Killed Robin
  1861 | D:3      | Noticed Grinder
  1967 | D:3      | Paralysed by Grinder for 5 turns
  1994 | D:3      | Paralysed by Grinder for 7 turns
  1998 | D:3      | Slain by Grinder

Levels and vault maps discovered:
D:1:      dpeg_arrival_shelter, layout_rooms, minmay_tiny_reverse_x
D:2:      layout_basic
D:3:      kennysheep_goblin_castle, layout_loops_ring,
          chequers_ecumenical_altar_simple_redux, biasface_ghost_orc_armoury,
          uniq_grinder

Skill      XL: |  1  2  3  4 |
---------------+-------------+-----
Invocations    | 1 |  1.5
Short Blades   | 1 |  1.4
Long Blades    | 1 |  1.4
Axes           | 1 |  1.4
Polearms       | 1 |  1.4
Staves         | 1 |  1.4
Slings         | 1 |  1.4
Bows           | 1 |  1.4
Crossbows      | 1 |  1.4
Throwing       | 1 |  1.4
Armour         | 1 |  1.4
Shields        | 1 |  1.4
Unarmed Combat | 1 |  1.4
Spellcasting   | 1 |  1.4
Evocations     | 1 |  1.4
Conjurations   | 1 |  1.1
Hexes          | 1 |  1.1
Charms         | 1 |  1.1
Summonings     | 1 |  1.1
Necromancy     | 1 |  1.1
Translocations | 1 |  1.1
Transmutations | 1 |  1.1
Fire Magic     | 1 |  1.1
Ice Magic      | 1 |  1.1
Air Magic      | 1 |  1.1
Earth Magic    | 1 |  1.1
Poison Magic   | 1 |  1.1
Fighting       | |  6.6
Maces & Flails | |  6.6
Dodging        | |  6.6
Stealth        | |  4.3

Action                   |  1- 3 |  4- 6 || total
-------------------------+-------+-------++-------
Melee: Mace              |    92 |       ||    92
       Bite              |    12 |    13 ||    25
       Dagger            |    19 |   147 ||   166
Throw: Dart              |       |    14 ||    14
  Use: Scroll            |       |     3 ||     3
       Potion            |       |     2 ||     2
 Stab: Sleeping          |     8 |     1 ||     9
       Distracted        |       |     1 ||     1
  Eat: Chunk             |     1 |     3 ||     4
Armor: Robe              |    19 |     3 ||    22
       Ring mail         |       |    43 ||    43
Dodge: Dodged            |    85 |   110 ||   195
Block: Buckler           |    25 |    33 ||    58
